TOP OF THE 1ST |
Salem Silver Souls batting - Pitching for West Virginia Power : RHP Carlos Moreno
|
Pitching: RHP Carlos Moreno
|
|
Batting: LHB Chris White
|
0-0: Ball 1-0: Ball 2-0: Called Strike 2-1: Ball 3-1: Foul Ball, location: 2F 3-2: Foul Ball, location: 2F 3-2: Base on Balls
|
Batting: RHB Gilberto León
|
0-0: Called Strike Chris White steals 2nd base 0-1: Foul Ball, location: 2F 0-2: Ball 1-2: Foul Ball, location: 2F 1-2: SINGLE (Groundball, 6MD) Chris White to third Runner from 3rd tries for Home, SAFE, no throw
|
Batting: LHB Balduíno Bruschy
|
0-0: Swinging Strike 0-1: Foul Ball, location: 2F 0-2: Foul Ball, location: 2F 0-2: Strikes out swinging
|
Batting: RHB Steve Smith
|
0-0: Foul Ball, location: 2F 0-1: Foul Ball, location: 2F 0-2: Ball 1-2: Foul Ball, location: 2F 1-2: Fly out, F8 (Flyball, 8RM)
|
Batting: LHB José Guillén
|
0-0: Ball 1-0: Called Strike 1-1: Ground out 4-3 (Groundball, 4)
|
Top of the 1st over - 1 run, 1 hit, 0 errors, 1 left on base; Salem 1 - West Virginia 0 |
BOTTOM OF THE 1ST |
West Virginia Power batting - Pitching for Salem Silver Souls : LHP Reynaldo Vázquez
|
Pitching: LHP Reynaldo Vázquez
|
|
Batting: RHB Matt Tucker
|
0-0: Ball 1-0: Ball 2-0: SINGLE (Line Drive, 8LS)
|
Batting: RHB Pedro Echevarría
|
0-0: Called Strike 0-1: Foul Ball, location: 2F 0-2: Strikes out swinging
|
Batting: RHB Joe Salas
|
0-0: Ball 1-0: Called Strike Matt Tucker steals 2nd base 1-1: Ball 2-1: Swinging Strike 2-2: Ball 3-2: Foul Ball, location: 2F 3-2: Ground out 4-3 (Groundball, 4) Matt Tucker to third
|
Batting: SHB Patrizio Batistuta
|
0-0: Ball 1-0: Fly out, F7 (Flyball, 7LM)
|
Bottom of the 1st over - 0 runs, 1 hit, 0 errors, 1 left on base; Salem 1 - West Virginia 0 |
TOP OF THE 2ND |
Salem Silver Souls batting - Pitching for West Virginia Power : RHP Carlos Moreno
|
Batting: RHB Chris Hall
|
0-0: Swinging Strike 0-1: SINGLE (Groundball, 6D)
|
Batting: SHB Alberto Sandoval
|
0-0: Called Strike 0-1: Ball 1-1: Called Strike 1-2: Strikes out swinging
|
Batting: RHB Armando García
|
0-0: Ball 1-0: Ball 2-0: Foul Ball, location: 2F 2-1: Foul Ball, location: 2F 2-2: Ball 3-2: Base on Balls Chris Hall to second
|
Batting: RHB Pedro Rivera
|
0-0: Called Strike 0-1: Called Strike 0-2: Strikes out swinging
|
Batting: LHB Chris White
|
0-0: Called Strike 0-1: Swinging Strike 0-2: Ball 1-2: Ball 2-2: Ball 3-2: Strikes out looking
|
Top of the 2nd over - 0 runs, 1 hit, 0 errors, 2 left on base; Salem 1 - West Virginia 0 |
BOTTOM OF THE 2ND |
West Virginia Power batting - Pitching for Salem Silver Souls : LHP Reynaldo Vázquez
|
Batting: RHB Joaquín Vásquez
|
0-0: Called Strike 0-1: Ball 1-1: Ball 2-1: Ball 3-1: Called Strike 3-2: Foul Ball, location: 2F 3-2: Base on Balls
|
Batting: RHB Millard Walker
|
0-0: Ball 1-0: Fly out, F8 (Flyball, 89XD)
|
Batting: RHB Will Stafford
|
0-0: Ball Joaquín Vásquez steals 2nd base 1-0: SINGLE (Line Drive, 34D) Joaquín Vásquez to third Runner from 3rd tries for Home, SAFE, no throw
|
Batting: RHB Julián Garza
|
0-0: Ball 1-0: Ball 2-0: Foul Ball, location: 2F 2-1: Foul Ball, location: 2F 2-2: Strikes out swinging
|
Batting: RHB Nick Mackin
|
0-0: Ball Will Stafford steals 2nd base 1-0: Foul Ball, location: 2F 1-1: Foul Ball, location: 2F 1-2: Ball 2-2: Ground out 6-3 (Groundball, 6)
|
Bottom of the 2nd over - 1 run, 1 hit, 0 errors, 1 left on base; Salem 1 - West Virginia 1 |
TOP OF THE 3RD |
Salem Silver Souls batting - Pitching for West Virginia Power : RHP Carlos Moreno
|
Batting: RHB Gilberto León
|
0-0: Foul Ball, location: 2F 0-1: Ball 1-1: Ground out 6-3 (Groundball, 6)
|
Batting: LHB Balduíno Bruschy
|
0-0: Called Strike 0-1: Foul Ball, location: 2F 0-2: Foul Ball, location: 2F 0-2: Ball 1-2: Fly out, F7 (Flyball, 78D)
|
Batting: RHB Steve Smith
|
0-0: Called Strike 0-1: Ball 1-1: Ball 2-1: Ball 3-1: Called Strike 3-2: Foul Ball, location: 2F 3-2: Base on Balls
|
Batting: LHB José Guillén
|
0-0: Fly out, F6 (Flyball, 6MD)
|
Top of the 3rd over - 0 runs, 0 hits, 0 errors, 1 left on base; Salem 1 - West Virginia 1 |
BOTTOM OF THE 3RD |
West Virginia Power batting - Pitching for Salem Silver Souls : LHP Reynaldo Vázquez
|
Batting: RHB Matt Tucker
|
0-0: Called Strike 0-1: Ball 1-1: DOUBLE (Line Drive, 89D)
|
Batting: RHB Pedro Echevarría
|
0-0: SINGLE (Line Drive, 8RS) Matt Tucker to third Runner from 3rd tries for Home, throw and OUT! Pedro Echevarría to second
|
Batting: RHB Joe Salas
|
0-0: Ball 1-0: Foul Ball, location: 2F 1-1: Fly out, F7 (Flyball, 78XD) Runner from 2nd tags up, SAFE at 3rd, no throw
|
Batting: SHB Patrizio Batistuta
|
0-0: Ball 1-0: Foul Ball, location: 2F 1-1: Ground out 6-3 (Groundball, 6)
|
Bottom of the 3rd over - 0 runs, 2 hits, 0 errors, 1 left on base; Salem 1 - West Virginia 1 |
TOP OF THE 4TH |
Salem Silver Souls batting - Pitching for West Virginia Power : RHP Carlos Moreno
|
Batting: RHB Chris Hall
|
0-0: Swinging Strike 0-1: Ball 1-1: Swinging Strike 1-2: Ball 2-2: Strikes out swinging
|
Batting: SHB Alberto Sandoval
|
0-0: Foul Ball, location: 2F 0-1: Foul Ball, location: 2F 0-2: Ball 1-2: Ball 2-2: Foul Ball, location: 2F 2-2: Ball 3-2: Ground out 1-3 (Groundball, P)
|
Batting: RHB Armando García
|
0-0: Ball 1-0: Ball 2-0: Foul Ball, location: 2F 2-1: Fly out, F8 (Flyball, 8LD)
|
Top of the 4th over - 0 runs, 0 hits, 0 errors, 0 left on base; Salem 1 - West Virginia 1 |
BOTTOM OF THE 4TH |
West Virginia Power batting - Pitching for Salem Silver Souls : LHP Reynaldo Vázquez
|
Batting: RHB Joaquín Vásquez
|
0-0: Called Strike 0-1: Ground out 4-3 (Groundball, 4)
|
Batting: RHB Millard Walker
|
0-0: Ball 1-0: Ball 2-0: Foul Ball, location: 2F 2-1: Swinging Strike 2-2: Strikes out swinging
|
Batting: RHB Will Stafford
|
0-0: Ball 1-0: Called Strike 1-1: DOUBLE (Line Drive, 89D)
|
Batting: RHB Julián Garza
|
0-0: Ground out U3 (Groundball, 3S)
|
Bottom of the 4th over - 0 runs, 1 hit, 0 errors, 1 left on base; Salem 1 - West Virginia 1 |
TOP OF THE 5TH |
Salem Silver Souls batting - Pitching for West Virginia Power : RHP Carlos Moreno
|
Batting: RHB Pedro Rivera
|
0-0: Called Strike 0-1: SINGLE (Groundball, 56D)
|
Pitching: LHP Joe Jewell
|
|
Batting: LHB Chris White
|
0-0: Foul Ball, location: 2F 0-1: Foul Ball, location: 2F 0-2: Ball 1-2: Strikes out swinging
|
Batting: RHB Gilberto León
|
0-0: Called Strike 0-1: Ball 1-1: Swinging Strike 1-2: 2-RUN HOME RUN (Flyball, 7D), Distance : 365 ft
|
Batting: LHB Balduíno Bruschy
|
0-0: Ball 1-0: Fly out, F7 (Flyball, 78D)
|
Batting: RHB Steve Smith
|
0-0: Called Strike 0-1: Called Strike 0-2: Ball 1-2: Fly out, F8 (Flyball, 8LM)
|
Top of the 5th over - 2 runs, 2 hits, 0 errors, 0 left on base; Salem 3 - West Virginia 1 |
BOTTOM OF THE 5TH |
West Virginia Power batting - Pitching for Salem Silver Souls : LHP Reynaldo Vázquez
|
Batting: RHB Nick Mackin
|
0-0: Ball 1-0: Ball 2-0: SOLO HOME RUN (Flyball, 7D), Distance : 352 ft
|
Batting: RHB Matt Tucker
|
0-0: Bunted foul 0-1: Ball 1-1: Ball 2-1: Swinging Strike 2-2: Fly out, F6 (Line Drive, 6)
|
Batting: RHB Pedro Echevarría
|
0-0: Ball 1-0: Ball 2-0: Ball 3-0: Base on Balls
|
Batting: RHB Joe Salas
|
0-0: Ball Pedro Echevarría steals 2nd base 1-0: Called Strike 1-1: Ground out 4-3 (Groundball, 34) Pedro Echevarría to third
|
Batting: SHB Patrizio Batistuta
|
0-0: Fly out, F8 (Flyball, 8RD)
|
Bottom of the 5th over - 1 run, 1 hit, 0 errors, 1 left on base; Salem 3 - West Virginia 2 |
TOP OF THE 6TH |
Salem Silver Souls batting - Pitching for West Virginia Power : LHP Joe Jewell
|
Batting: LHB José Guillén
|
0-0: Called Strike 0-1: Swinging Strike 0-2: Strikes out swinging
|
Batting: RHB Chris Hall
|
0-0: Ground out 4-3 (Groundball, 34)
|
Batting: SHB Alberto Sandoval
|
0-0: Ball 1-0: Ball 2-0: Foul Ball, location: 2F 2-1: Ball 3-1: Base on Balls
|
Batting: RHB Armando García
|
0-0: SINGLE (Groundball, 56D) Alberto Sandoval to second
|
Batting: RHB Pedro Rivera
|
0-0: Called Strike 0-1: Foul Ball, location: 2F 0-2: Foul Ball, location: 2F 0-2: Ball Wild Pitch! Alberto Sandoval to third Armando García to second 1-2: Strikes out looking
|
Top of the 6th over - 0 runs, 1 hit, 0 errors, 2 left on base; Salem 3 - West Virginia 2 |
BOTTOM OF THE 6TH |
West Virginia Power batting - Pitching for Salem Silver Souls : LHP Reynaldo Vázquez
|
Batting: RHB Joaquín Vásquez
|
0-0: Ball 1-0: Called Strike 1-1: Foul Ball, location: 2F 1-2: Strikes out looking
|
Batting: RHB Millard Walker
|
0-0: Called Strike 0-1: Swinging Strike 0-2: Strikes out looking
|
Batting: RHB Will Stafford
|
0-0: Ball 1-0: Foul Ball, location: 2F 1-1: SINGLE (Groundball, 6MD)
|
Batting: RHB Julián Garza
|
0-0: Called Strike 0-1: Swinging Strike 0-2: Reached on error, E3 (Groundball, 3) Will Stafford to second
|
Batting: RHB Nick Mackin
|
0-0: Called Strike 0-1: Swinging Strike 0-2: Ball 1-2: Ball 2-2: Strikes out swinging
|
Bottom of the 6th over - 0 runs, 1 hit, 1 error, 2 left on base; Salem 3 - West Virginia 2 |
TOP OF THE 7TH |
Salem Silver Souls batting - Pitching for West Virginia Power : LHP Joe Jewell
|
Batting: LHB Chris White
|
0-0: Swinging Strike 0-1: Called Strike 0-2: Strikes out swinging
|
Batting: RHB Gilberto León
|
0-0: Swinging Strike 0-1: Foul Ball, location: 2F 0-2: Strikes out looking
|
Batting: LHB Balduíno Bruschy
|
0-0: Called Strike 0-1: Ground out 4-3 (Groundball, 4)
|
Top of the 7th over - 0 runs, 0 hits, 0 errors, 0 left on base; Salem 3 - West Virginia 2 |
BOTTOM OF THE 7TH |
West Virginia Power batting - Pitching for Salem Silver Souls : LHP Reynaldo Vázquez
|
Pitching: RHP Ramón Martínez
|
|
Batting: RHB Matt Tucker
|
0-0: Ball 1-0: Ball 2-0: Ball 3-0: Called Strike 3-1: Foul Ball, location: 2F 3-2: Foul Ball, location: 2F 3-2: Base on Balls
|
Batting: RHB Pedro Echevarría
|
0-0: Ball Matt Tucker steals 2nd base 1-0: Ball 2-0: Ball 3-0: Base on Balls
|
Batting: RHB Joe Salas
|
0-0: Ball 1-0: Called Strike 1-1: Foul Ball, location: 2F 1-2: Foul Ball, location: 2F 1-2: Ball 2-2: Grounds into double play, 5-4-3 (Groundball, 56) Matt Tucker to third
|
Batting: SHB Patrizio Batistuta
|
0-0: Ball 1-0: Foul Ball, location: 2F 1-1: Foul Ball, location: 2F 1-2: Ball 2-2: Ball 3-2: Base on Balls
|
Pinch Hitting: LHB Jorge Luna
|
0-0: Called Strike 0-1: Ball 1-1: Foul Ball, location: 2F 1-2: Strikes out swinging
|
Bottom of the 7th over - 0 runs, 0 hits, 0 errors, 2 left on base; Salem 3 - West Virginia 2 |
TOP OF THE 8TH |
Salem Silver Souls batting - Pitching for West Virginia Power : LHP Joe Jewell
|
Now in LF: Jorge Luna
|
|
Batting: RHB Steve Smith
|
0-0: SINGLE (Groundball, 34D)
|
Batting: LHB José Guillén
|
0-0: Ball 1-0: Called Strike 1-1: Foul Ball, location: 2F 1-2: SINGLE (Line Drive, 7LM) Steve Smith to second
|
Pinch Runner at 2nd Elpidio Martinho:
|
|
Batting: RHB Chris Hall
|
0-0: Bunted foul 0-1: Sac Bunt - play at first, batter OUT! 2-4 Elpidio Martinho to third José Guillén to second
|
Batting: SHB Alberto Sandoval
|
0-0: Called Strike 0-1: Ball 1-1: Ball 2-1: SINGLE (Line Drive, 7S) Elpidio Martinho scores José Guillén to third
|
Batting: RHB Armando García
|
0-0: Ball 1-0: Called Strike Alberto Sandoval is caught stealing 2nd base 1-1: Ball 2-1: Foul Ball, location: 2F 2-2: Ground out 4-3 (Groundball, 4M)
|
Top of the 8th over - 1 run, 3 hits, 0 errors, 1 left on base; Salem 4 - West Virginia 2 |
BOTTOM OF THE 8TH |
West Virginia Power batting - Pitching for Salem Silver Souls : RHP Ramón Martínez
|
Batting: RHB Millard Walker
|
0-0: Ball 1-0: Ball 2-0: Ball 3-0: Base on Balls
|
Batting: RHB Will Stafford
|
0-0: Ball 1-0: Ball 2-0: Foul Ball, location: 2F 2-1: Foul Ball, location: 2F 2-2: Fielders Choice at 2nd, 1-6 (Groundball, P)
|
Batting: RHB Julián Garza
|
0-0: Ball 1-0: Foul Ball, location: 2F 1-1: Ball 2-1: Reached on error, E1 (Groundball, 13) Will Stafford to second
|
Pitching: RHP Wilson Díaz
|
|
Pinch Hitting: RHB Luis Montoya
|
0-0: Ball 1-0: Ball 2-0: Ball 3-0: Base on Balls Will Stafford to third Julián Garza to second
|
Batting: RHB Matt Tucker
|
0-0: Ball 1-0: Fly out, F4 (Line Drive, 4M)
|
Batting: RHB Pedro Echevarría
|
0-0: Called Strike 0-1: Ball 1-1: Ball 2-1: Ball 3-1: Base on Balls Will Stafford scores Julián Garza to third Luis Montoya to second
|
Batting: RHB Joe Salas
|
0-0: DOUBLE (Line Drive, 5D) Julián Garza scores Luis Montoya scores Pedro Echevarría to third
|
Batting: SHB Patrizio Batistuta
|
0-0: SINGLE (Popup, 3D) Pedro Echevarría scores Joe Salas to third Runner from 3rd tries for Home, SAFE, throw made home Patrizio Batistuta to second
|
Pitching: LHP Lorenzo Guzmán
|
|
Batting: LHB Jorge Luna
|
0-0: Called Strike 0-1: Ball 1-1: Ball 2-1: Foul Ball, location: 2F 2-2: Ball 3-2: Foul Ball, location: 2F 3-2: Foul Ball, location: 2F 3-2: Base on Balls
|
Batting: RHB Millard Walker
|
0-0: Ball 1-0: Ball 2-0: Ball 3-0: Base on Balls Patrizio Batistuta to third Jorge Luna to second
|
Batting: RHB Will Stafford
|
0-0: Ball 1-0: Foul Ball, location: 2F 1-1: Ball 2-1: Ball 3-1: Swinging Strike 3-2: Base on Balls Patrizio Batistuta scores Jorge Luna to third Millard Walker to second
|
Batting: RHB Julián Garza
|
0-0: Ball 1-0: SINGLE (Line Drive, 89S) Jorge Luna scores Millard Walker to third Will Stafford to second
|
Batting: RHB Luis Montoya
|
0-0: Foul Ball, location: 2F 0-1: Foul Ball, location: 2F 0-2: Foul Ball, location: 2F 0-2: Foul Ball, location: 2F 0-2: Foul Ball, location: 2F 0-2: Foul Ball, location: 2F 0-2: Fielders Choice at 2nd, 6-4 (Groundball, 6)
|
Bottom of the 8th over - 7 runs, 3 hits, 1 error, 3 left on base; Salem 4 - West Virginia 9 |
TOP OF THE 9TH |
Salem Silver Souls batting - Pitching for West Virginia Power : LHP Joe Jewell
|
Now at 2B: Luis Montoya
|
|
Now in RF: Luis Árias
|
|
Batting: RHB Pedro Rivera
|
0-0: Foul Ball, location: 2F 0-1: SINGLE (Groundball, 4D)
|
Batting: LHB Chris White
|
0-0: Called Strike 0-1: Ball 1-1: Ball 2-1: Swinging Strike 2-2: Ball 3-2: Base on Balls Pedro Rivera to second
|
Batting: RHB Gilberto León
|
0-0: Ball 1-0: Foul Ball, location: 2F 1-1: Ball 2-1: Called Strike 2-2: Grounds into double play, 6-4-3 (Groundball, 6D) Pedro Rivera to third
|
Batting: LHB Balduíno Bruschy
|
0-0: Ball 1-0: Ball 2-0: Called Strike 2-1: Foul Ball, location: 2F 2-2: Ball 3-2: Fly out, F7 (Flyball, 7S)
|
Top of the 9th over - 0 runs, 1 hit, 0 errors, 1 left on base; Salem 4 - West Virginia 9 |
|